 Dungeon Crawl Stone Soup version 0.29-a0-1052-g6990b1bffc (webtiles) character file.

Game seed: 495047659380321317

227039 slphil the Swashbuckler (level 20, -7/114 (125) HPs)
             Began as a Kobold Brigand on Aug 17, 2022.
             Was an Initiate of Gozag.
             Killed from afar by an ancient champion (29 damage)
             ... with an iron shot
             ... on level 3 of the Vaults on Aug 18, 2022.
             The game lasted 01:31:00 (42374 turns).

slphil the Swashbuckler (Kobold Brigand)           Turns: 42374, Time: 01:31:08

HP:   -7/114 (125)  AC: 17    Str:  9    XL:     20   Next: 15%
MP:   32/32         EV: 27    Int: 19    God:    Gozag
Gold: 4627          SH:  5    Dex: 22    Spells: 7/36 levels left

rFire   . . .      SeeInvis .   a - +12 pair of quick blades "Gyre" and "Gimble" {protect}
rCold   . . .      Faith    .   (shield currently unavailable)
rNeg    + . .      Spirit   .   c - +2 robe {Archmagi}
rPois   +          Reflect  +   r - +2 helmet
rElec   .          Harm     .   W - +2 cloak {Stlth+}
rCorr   +          Rampage  .   L - +0 pair of gloves
Will    +....      Archmagi +   K - +1 pair of boots of the Candlemaker {rPois rN+ Int+4}
Stlth   +++++++++.              k - amulet of reflection
HPRegen 0.29/turn               n - +4 ring of protection
MPRegen 0.23/turn               N - ring of resist corrosion

@: drained
A: small, no large weapons, nightstalker 3
}: 1/15 runes: decaying
a: Renounce Religion, Potion Petition, Call Merchant, Bribe Branch


You were on level 3 of the Vaults.
You worshipped Gozag.
Gozag was most pleased with you.
You visited 6 branches of the dungeon, and saw 31 of its levels.
You also visited: Bailey and Wizlab.

You collected 11309 gold pieces.
You spent 3558 gold pieces at shops.
You paid 3124 gold pieces to Gozag.

Inventory:

Hand Weapons
 a - the +12 pair of quick blades "Gyre" and "Gimble" (weapon) {protect}
   (You found it on level 8 of the Dungeon)

   It grants its wielder temporary protection when it strikes (+7 to AC).
 b - the +7 demon blade of the Riding Augurer {venom, rElec rPois Dex+3}
   (You took it off a fenstrider witch on level 2 of the Swamp)

   It poisons the flesh of those it strikes.
   Dex:       It affects your dexterity (+3).
   rElec:     It insulates you from electricity.
   rPois:     It protects you from poison.
Missiles
 d - 48 poisoned darts
 e - 6 curare-tipped darts
 C - 4 throwing nets
Armour
 c - a +2 robe of the Archmagi (worn)
 r - a +2 helmet (worn)
 K - the +1 pair of boots of the Candlemaker (worn) {rPois rN+ Int+4}
   (You acquired it on level 15 of the Dungeon)

   Int:       It affects your intelligence (+4).
   rPois:     It protects you from poison.
   rN:        It protects you from negative energy.
 L - a +0 pair of gloves (worn)
 M - the +1 robe "Ale Bac" {rElec rC+ Dex+3}
   (You bought it in a shop on level 11 of the Dungeon)

   Dex:       It affects your dexterity (+3).
   rC:        It protects you from cold.
   rElec:     It insulates you from electricity.
 P - a scarf of invisibility
 W - a +2 cloak of stealth (worn)
Jewellery
 g - a ring of see invisible
 k - an amulet of reflection (around neck)
 n - a +4 ring of protection (left hand)
 s - an amulet of the acrobat
 N - a ring of resist corrosion (right hand)
 Z - a +4 ring of protection
Wands
 m - a wand of flame (38)
 o - a wand of roots (18)
 q - a wand of mindburst (8)
 z - a wand of charming (25)
 B - a wand of polymorph (18)
 J - a wand of digging (11)
 X - a wand of quicksilver (15)
Scrolls
 f - 12 scrolls of blinking
 i - a scroll of amnesia
 p - 11 scrolls of fog
 t - 14 scrolls of teleportation
 v - 3 scrolls of summoning
 y - 3 scrolls of magic mapping
 D - 2 scrolls of immolation
 I - 8 scrolls of fear
 R - 3 scrolls of enchant weapon
 S - 2 scrolls of enchant armour
 V - 5 scrolls of poison
 Y - 2 scrolls of silence
Potions
 h - a potion of berserk rage
 j - 3 potions of resistance
 l - 25 potions of curing
 u - 7 potions of might
 w - 5 potions of magic
 x - 8 potions of heal wounds
 A - 6 potions of brilliance
 E - 4 potions of flight
 F - 4 potions of lignification
 G - 5 potions of haste
 H - 3 potions of invisibility
 T - 3 potions of ambrosia
Miscellaneous
 O - a piece from Xom's chessboard (15/15)
 Q - a phial of floods
 U - a lightning rod (4/4)


   Skills:
 + Level 13.5 Fighting
 - Level 20.0(22.2) Short Blades
 - Level 11.2(14.0) Long Blades
 - Level 11.3 Throwing
 - Level 0.9 Armour
 + Level 14.7 Dodging
 + Level 15.7 Stealth
 - Level 8.7 Spellcasting
 - Level 8.0 Hexes
 - Level 12.0 Translocations
 + Level 13.9 Evocations


You had 7 spell levels left.
You knew the following spells:

 Your Spells              Type           Power      Damage    Failure   Level
a - Manifold Assault      Tloc           69%        N/A       1%          5
b - Blink                 Tloc           100%       N/A       1%          2
c - Portal Projectile     Hex/Tloc       100%       N/A       1%          3
d - Apportation           Tloc           100%       N/A       1%          1
e - Lesser Beckoning      Tloc           69%        N/A       1%          3
f - Tukima's Dance        Hex            55%        N/A       1%          3
g - Gell's Gravitas       Tloc           69%        N/A       1%          3
h - Teleport Other        Tloc           69%        N/A       1%          3
i - Dispersal             Tloc           34%        N/A       10%         6

Your spell library contained the following spells:

 Spells                   Type           Power      Damage    Failure   Level
 Beastly Appendage        Tmut           24%        N/A       9%          1
 Freeze                   Ice            48%        1d7       9%          1
 Necrotise                Necr           48%        1d6       9%          1
 Shock                    Conj/Air       48%        1d6       9%          1
 Summon Small Mammal      Summ           48%        N/A       9%          1
 Scorch                   Fire           24%        2d6       13%         2
 Sublimation of Blood     Necr           12%        N/A       13%         2
 Wereblood                Tmut           12%        N/A       13%         2
 Anguish                  Hex/Necr       17%        N/A       16%         4
 Leda's Liquefaction      Hex/Erth       17%        N/A       16%         4
 Summon Forest            Summ/Tloc      23%        N/A       21%         5
 Call Canine Familiar     Summ           12%        N/A       26%         3
 Conjure Flame            Conj/Fire      12%        6-21      26%         3
 Frozen Ramparts          Ice            24%        1d4       26%         3
 Ignite Poison            Fire/Tmut/Pois 12%        N/A       26%         3
 Spider Form              Tmut/Pois      12%        N/A       26%         3
 Swiftness                Air            12%        N/A       26%         3
 Summon Mana Viper        Hex/Summ       35%        N/A       41%         5
 Airstrike                Air            6%         2d(1-17)  63%         4
 Hailstorm                Conj/Ice       12%        3d5       63%         4
 Ice Form                 Ice/Tmut       12%        N/A       63%         4
 Petrify                  Tmut/Erth      12%        N/A       63%         4
 Sticky Flame             Conj/Fire      12%        2d4       63%         4
 Summon Lightning Spire   Summ/Air       12%        N/A       63%         4
 Alistair's Intoxication  Tmut/Pois      8%         N/A       93%         5
 Blade Hands              Tmut           6%         N/A       93%         5
 Borgnjor's Vile Clutch   Necr/Erth      6%         N/A       93%         5
 Fireball                 Conj/Fire      6%         3d5       93%         5
 Freezing Cloud           Conj/Ice/Air   6%         6-21      93%         5
 Irradiate                Conj/Tmut      6%         3d13      93%         5
 Lightning Bolt           Conj/Air       6%         1d18      93%         5
 Enfeeble                 Hex            27%        N/A       95%         7
 Conjure Ball Lightning   Conj/Air       6%         3x3d6     100%        6
 Eringya's Noxious Bog    Tmut/Pois      6%         N/A       100%        6
 Summon Cactus Giant      Summ           6%         N/A       100%        6
 Haunt                    Necr/Summ      6%         N/A       100%        7
 Infestation              Necr           6%         N/A       100%        8
 Animate Dead             Necr           Unusable   N/A       N/A         4
 Simulacrum               Ice/Necr       Unusable   N/A       N/A         6

Dungeon Overview and Level Annotations

Branches:
Dungeon (15/15)            Temple (1/1) D:7            Lair (5/5) D:9
  Swamp (4/4) Lair:3       Spider (0/4) Lair:3        Slime (0/5) Lair:5
    Orc (2/2) D:11            Elf (0/3) Orc:2        Vaults (4/5) D:13
  Crypt (0/3) Vaults:3     Depths (0/4) D:15         Bailey (visited)
 WizLab (visited)

Altars:
Ashenzari
Cheibriados
Dithmenos
Elyvilon
Fedhas
Gozag
Hepliaklqana
Kikubaaqudgha
Makhleb
Nemelex Xobeh
Okawaru
Qazlal
Ru
Sif Muna
Trog
Uskayaw
Vehumet
Wu Jian
Xom
Yredelemnul
Zin
The Shining One
Jiyva

Shops:
D:3 (   D:5 *   D:9 *   D:10 (   D:11 [   D:12 *   D:15 *   Orc:1 [
Orc:2 ::(!

Portals:
Trove: D:14 (give horn of Geryon)

Annotations:
D:4 2 runed translucent doors, gelatine's ghost, amateur DsHW
D:8 1 runed translucent door, ytrimaz's ghost, novice DsBe
Vaults:1 exclusion: obsidian statue


Innate Abilities, Weirdness & Mutations

You are small and have problems with some larger weapons.
You are completely attuned to the shadows.


Message History

The skeletal warrior closely misses you.
You block the ancient champion's attack.
Things that are here:
5 gold pieces; a +0 long sword; a +0 plate armour You block the ancient champion's attack.
You block the ancient champion's attack.
There is an open door here.
Aiming: Fastroot
Press: ? - help, Shift-Dir - straight line The roots erupt in riotous growth!
Roots grab the skeletal warrior.
Roots grab the ancient champion.
The grasping roots constrict the skeletal warrior!
The grasping roots constrict the ancient champion.
You block the skeletal warrior's attack.
The ancient champion hits you but does no damage.
You partially resist.
The grasping roots constrict the skeletal warrior!
The grasping roots constrict the ancient champion!
The ancient champion struggles to escape constriction.
The skeletal warrior struggles to escape constriction.
The ancient champion struggles to escape constriction.
The grasping roots constrict the skeletal warrior!!
The grasping roots constrict the ancient champion, but do no damage.
The skeletal warrior struggles to escape constriction.
The ancient champion escapes!
The roots lose their grip on something.
The ancient champion attacks as you move away!
The ancient champion hits you with a +2 battleaxe of draining!
You partially resist.
You feel drained.
The ancient champion gestures at you while chanting.
The iron shot misses you.
The ancient champion attacks as you move away!
The ancient champion hits you with a +2 battleaxe of draining!!!
* * * LOW HITPOINT WARNING * * *
You partially resist.
You feel drained.
* * * LOW HITPOINT WARNING * * *
The ancient champion gestures at you while chanting.
The iron shot hits you!!
You die...
Your body crumbles into a pile of gold.

*,,,......#~~#.∩.'..#......
*,........#≈≈#...#~.#...... *****
*.........#≈≈##.##≈~#....., ,,,,*
#.........##~~###≈≈##.####* ,,,,*
#..........##~≈#≈≈##..#,,,, ,,,,*
#......)....##~~~##...#,,,, ,,,,*
#............##~##....#,,,, ,,,,*
#...).........###.....#,,,, ,,,,*
#...).)...@...........#,,,> *****
#.....................#,,,,
#..........z..........#,,,,
******#.....................####*
,,,,,,...........^..............,
,,,,,,.........z...........$....,
,,,,,,..........................,
*****+#'#####'######*######'#####
*,..........# #......


You could see an ancient champion (fast).

Vanquished Creatures
  A royal mummy (WizLab)
  Saint Roka (Orc:2)
  A tentacled monstrosity (Swamp:3)
  A sphinx (Vaults:2)
  Frances (Swamp:1)
  Agnes (D:14)
  Kirke (Lair:5)
  2 thorn hunters (Swamp:4)
  A fenstrider witch (Swamp:2)
  4 vault wardens
  An orc warlord (Vaults:2)
  7 ghouls
  7 ironbound preservers
  A stone giant (D:15)
  2 ironbound thunderhulks
  Nessos (Lair:5)
  6 very ugly things
  A vampire knight (Vaults:3)
  2 bunyips
  8 dire elephants (Vaults:1)
  6 eleionomae
  Snorg (Lair:5)
  3 mummy priests (WizLab)
  2 fire dragons
  A shambling mangrove (Swamp:4)
  2 yaktaur captains (Vaults:2)
  4 vault guards
  A rakshasa (D:14)
  20 hydras
  2 ironbound frosthearts (Vaults:2)
  4 boulder beetles
  4 catoblepae
  An ogre mage (D:13)
  A merfolk avatar (Lair:5)
  22 centaur warriors
  7 two-headed ogres
  8 alligators
  3 tengu warriors
  7 orc high priests
  A spriggan berserker (Swamp:2)
  9 skeletal warriors
  9 goliath frogs
  11 swamp dragons
  25 deep trolls
  2 spriggan druids
  A sea snake (Lair:5)
  13 lindwurms
  2 bog bodies
  5 wizards
  6 ironbound convokers
  5 deep elf zephyrmancers (D:14)
  8 deep elf pyromancers
  2 harpies (Lair:5)
  2 sphinx zombies (WizLab)
  A necromancer (Vaults:2)
  2 tengu zombies (WizLab)
  6 orc sorcerers
  12 orc knights
  2 fire giant zombies (WizLab)
  27 ugly things
  4 cyclopes
  3 manticores
  A stone giant zombie (WizLab)
  3 will-o-the-wisps
  2 frost giant zombies
  A demonspawn zombie (WizLab)
  An elephant (Lair:5)
  5 black mambas
  6 vault sentinels
  A torpor snail (Lair:5)
  8 cane toads
  A gargoyle (D:14)
  6 rime drakes
  A kobold demonologist (D:14)
  9 yaktaurs
  A yaktaur zombie (Vaults:2)
  4 komodo dragons
  2 efreet
  3 guardian mummies (WizLab)
  2 tengu conjurers (D:14)
  2 freezing wraiths
  A bloated husk (Swamp:2)
  12 trolls
  2 wind drakes (Lair:5)
  2 polar bears (Lair:5)
  A meliai (D:14)
  A sphinx simulacrum (Vaults:2)
  14 hornets
  11 dream sheep (Lair:5)
  9 blink frogs
  10 tyrant leeches
  A deep troll zombie (WizLab)
  A jumping spider (Lair:3)
  24 slime creatures
  Sigmund (D:2)
  A centaur simulacrum (D:15)
  4 shadows
  2 culicivoras (Lair:3)
  16 spriggans
  4 wraiths
  A water elemental (D:14)
  An ettin skeleton (Vaults:2)
  7 basilisks
  46 yaks
  2 hogs (Lair:5)
  6 wyverns (D:9)
  2 redbacks (Lair:3)
  4 wargs (Orc:1)
  19 vampire mosquitoes
  4 steam dragons
  Edmund (D:6)
  17 swamp worms
  2 acid dragons
  Duvessa (D:7)
  4 swamp drakes
  7 water moccasins
  An ice beast (D:8)
  52 orc warriors
  4 black bears
  14 ogres
  A deep troll simulacrum (Vaults:2)
  20 wolves
  12 centaurs
  A kobold brigand (D:6)
  6 bullfrogs
  3 necrophages
  4 scorpions
  11 wights
  Dowan (D:7)
  A raiju zombie (WizLab)
  3 killer bees (D:9)
  3 howler monkeys
  3 jellies (Lair:5)
  4 hounds
  36 orc priests
  2 gnoll boudas
  7 iguanas
  11 orc wizards
  14 gnolls
  11 adders
  2 worms (D:2)
  4 dart slugs
  106 orcs
  5 bats
  5 endoplasms
  2 giant cockroaches
  8 goblins
  5 hobgoblins
  5 jackals
  11 kobolds
  A quokka (D:3)
  8 ball pythons
  3 frilled lizards
  6 rats
  4 briar patches (Swamp:4)
1007 creatures vanquished.

Vanquished Creatures (others)
  A will-o-the-wisp (Swamp:2)
  A bloated husk (Swamp:2)
  A human (Lair:5)
  A black bear (D:4)
  4 briar patches (Swamp:4)
  8 foxfires
  16 fungi
  47 plants
79 creatures vanquished.

Grand Total: 1086 creatures vanquished

Notes
Turn   | Place    | Note
-------+----------+-------------------------------------------
     0 | D:1      | slphil the Kobold Brigand began the quest for the Orb.
     0 | D:1      | Reached XP level 1. HP: 12/12 MP: 1/1
   110 | D:1      | Reached XP level 2. HP: 16/18 MP: 2/2
   381 | D:1      | Reached skill level 3 in Short Blades
   686 | D:1      | Reached XP level 3. HP: 22/22 MP: 3/3
  1334 | D:2      | Reached XP level 4. HP: 8/27 MP: 4/4
  1673 | D:2      | Noticed Sigmund
  1677 | D:2      | Killed Sigmund
  1678 | D:2      | Reached skill level 4 in Short Blades
  1678 | D:2      | Reached XP level 5. HP: 32/32 MP: 5/5
  1678 | D:2      | Reached XP level 6. HP: 37/37 MP: 6/6
  2747 | D:3      | Found Idost's Antique Weapon Shop.
  3261 | D:4      | Identified a scroll of acquirement
  3261 | D:4      | Acquired a manual of Short Blades
  3261 | D:4      | Noticed an ogre
  3312 | D:4      | Noticed a black bear
  3332 | D:4      | Killed a black bear
  3340 | D:4      | Reached skill level 5 in Short Blades
  3340 | D:4      | Reached XP level 7. HP: 25/42 MP: 7/7
  3530 | D:3      | Reached skill level 6 in Short Blades
  3934 | D:4      | Found a runed translucent door.
  3936 | D:4      | Noticed gelatine's ghost (amateur DsHW)
  3952 | D:4      | Found a runed translucent door.
  4341 | D:4      | Reached XP level 8. HP: 47/48 MP: 8/8
  4517 | D:5      | Entered Level 5 of the Dungeon
  4853 | D:5      | Found Nularobb's Fire Supplies.
  4938 | D:5      | Reached skill level 7 in Short Blades
  6004 | D:6      | Noticed a yak
  6004 | D:6      | Noticed a yak
  6006 | D:6      | Noticed a yak
  6041 | D:5      | Killed a yak
  6042 | D:5      | Reached skill level 5 in Fighting
  6042 | D:5      | Reached skill level 5 in Throwing
  6042 | D:5      | Reached skill level 5 in Dodging
  6277 | D:6      | Reached skill level 8 in Short Blades
  6856 | D:6      | Reached XP level 9. HP: 54/54 MP: 9/9
  6879 | D:6      | Reached skill level 9 in Short Blades
  6977 | D:6      | Found a broken altar of Ashenzari.
  6984 | D:6      | Found a glowing golden altar of the Shining One.
  7054 | D:6      | Noticed Edmund
  7114 | D:6      | Killed Edmund
  7308 | D:6      | Reached skill level 10 in Short Blades
  7631 | D:7      | Found a staircase to the Ecumenical Temple.
  7651 | Temple   | Entered the Ecumenical Temple
  7994 | Temple   | Became a worshipper of Gozag Ym Sagoz the Greedy
  8065 | D:7      | Reached skill level 1 in Evocations
  8335 | D:7      | Noticed a hornet
  8339 | D:7      | Killed a hornet
  8347 | D:7      | Noticed a hornet
  8351 | D:7      | Killed a hornet
  8426 | D:7      | Reached skill level 10 in Stealth
  8426 | D:7      | Reached XP level 10. HP: 61/61 MP: 10/10
  8469 | D:7      | Found a sacrificial altar of Ru.
  8704 | D:7      | Noticed Dowan
  8707 | D:7      | Noticed Duvessa
  8708 | D:7      | Killed Dowan
  8716 | D:7      | Killed Duvessa
  9219 | D:5      | Bought a +2 leather armour of fire resistance for 190 gold
                  | pieces
  9706 | D:8      | Found a runed translucent door.
  9814 | D:8      | Noticed a two-headed ogre
  9814 | D:8      | Noticed a two-headed ogre
  9819 | D:8      | Killed a two-headed ogre
  9841 | D:8      | Killed a two-headed ogre
  9842 | D:8      | Reached skill level 5 in Evocations
  9941 | D:8      | Found the +12 pair of quick blades "Gyre" and "Gimble"
                  | {protect}
 10403 | D:8      | Identified the +4 spear of Qapn {flame, rPois Int+3}
 10404 | D:8      | Noticed ytrimaz's ghost (novice DsBe)
 10488 | D:9      | Found a flagged portal.
 10494 | Bailey   | Entered a bailey
 10611 | Bailey   | Noticed an orc knight
 10613 | Bailey   | Found a large runed translucent door.
 10629 | Bailey   | Killed an orc knight
 10630 | Bailey   | Reached XP level 11. HP: 22/69 MP: 11/11
 10931 | Bailey   | Found a large runed translucent door.
 10931 | Bailey   | Noticed a deep elf pyromancer
 11022 | Bailey   | Killed a deep elf pyromancer
 11039 | Bailey   | Got Vell's Vademecum on Vitiation and the Blaze
 11049 | Bailey   | Identified the +4 barding of Wasted Space {Int+3}
 11151 | D:9      | Reached skill level 10 in Dodging
 11361 | D:9      | Found a staircase to the Lair.
 11366 | D:9      | Reached skill level 10 in Fighting
 11442 | D:9      | Found a hazy altar of Hepliaklqana.
 11851 | D:10     | Entered Level 10 of the Dungeon
 11942 | D:10     | Found Icruihuo's Antique Weapon Emporium.
 12406 | D:10     | Reached XP level 12. HP: 80/80 MP: 12/12
 12871 | D:10     | Found a shadowy altar of Dithmenos.
 12871 | D:10     | Found a sparkling altar of Nemelex Xobeh.
 12871 | D:10     | Found an ancient bone altar of Kikubaaqudgha.
 12984 | D:11     | Noticed a seven-headed hydra
 12991 | D:11     | Killed a seven-headed hydra
 13262 | D:11     | Identified the +1 long sword of Acugoq {flame, rCorr Dex+2}
 13277 | D:11     | Found a staircase to the Orcish Mines.
 13504 | D:11     | Noticed a skeletal warrior
 13505 | D:11     | Noticed a skeletal warrior
 13506 | D:11     | Noticed a skeletal warrior
 13506 | D:11     | Noticed a skeletal warrior
 13508 | D:11     | Killed a skeletal warrior
 13509 | D:11     | Killed a skeletal warrior
 13531 | D:11     | Killed a skeletal warrior
 13532 | D:11     | Reached skill level 10 in Evocations
 13537 | D:11     | Killed a skeletal warrior
 13846 | Orc:1    | Entered Level 1 of the Orcish Mines
 14037 | D:11     | Bought the +1 robe "Ale Bac" {rElec rC+ Dex+3} for 363 gold
                  | pieces
 14125 | Lair:1   | Entered Level 1 of the Lair of Beasts
 14139 | Lair:1   | Reached XP level 13. HP: 84/84 MP: 13/13
 14248 | Lair:1   | Reached skill level 10 in Throwing
 14414 | Lair:1   | Reached skill level 11 in Short Blades
 14524 | Lair:1   | Reached skill level 12 in Short Blades
 15241 | Lair:2   | Reached skill level 13 in Short Blades
 15581 | Lair:2   | Reached skill level 14 in Short Blades
 15794 | Lair:2   | Reached skill level 15 in Short Blades
 15894 | Lair:2   | Noticed a catoblepas
 15916 | Lair:2   | Killed a catoblepas
 15917 | Lair:2   | Reached skill level 16 in Short Blades
 16347 | Lair:3   | Found a staircase to the Swamp.
 16547 | Lair:3   | Reached skill level 17 in Short Blades
 16585 | Lair:3   | Found a hole to the Spider Nest.
 17360 | Lair:4   | Noticed a catoblepas
 17373 | Lair:4   | Killed a catoblepas
 17374 | Lair:4   | Reached skill level 18 in Short Blades
 17869 | Lair:4   | You fall into a shaft and drop 1 floor!
 17869 | Lair:5   | Entered Level 5 of the Lair of Beasts
 17882 | Lair:5   | Noticed a merfolk avatar
 17972 | Lair:5   | Reached XP level 14. HP: 62/90 MP: 14/14
 17976 | Lair:5   | Reached skill level 19 in Short Blades
 18353 | Lair:5   | Reached skill level 20 in Short Blades
 18365 | Lair:5   | Noticed Kirke
 18374 | Lair:5   | Killed Kirke
 18559 | Lair:5   | Found a staircase to the Slime Pits.
 18559 | Lair:5   | Found a viscous altar of Jiyva.
 18644 | Lair:5   | Noticed Nessos
 18659 | Lair:5   | Killed Nessos
 18666 | Lair:5   | Noticed Snorg
 18672 | Lair:5   | Killed Snorg
 18729 | Lair:5   | Identified the +2 trident "Egosux" {drain, *Slow rC+ Str+5}
 19683 | D:9      | Bought a lightning rod (4/4) for 900 gold pieces
 19683 | D:9      | Bought a scroll labelled OCWEGORAME for 30 gold pieces
 19884 | Orc:1    | Found Tamateed's Antique Armour Emporium.
 20333 | Orc:1    | Bought a dull robe for 210 gold pieces
 20333 | Orc:1    | Identified the +2 robe of Aptaedd {Int+3} (You bought it in
                  | a shop on level 1 of the Orcish Mines)
 20333 | Orc:1    | Bought a runed cloak for 277 gold pieces
 20343 | Orc:1    | Bought a silken robe for 210 gold pieces
 20343 | Orc:1    | Identified the +2 robe "Xoovucw" {Int+2} (You bought it in
                  | a shop on level 1 of the Orcish Mines)
 20672 | Orc:2    | Entered Level 2 of the Orcish Mines
 20953 | Orc:2    | Reached XP level 15. HP: 95/96 MP: 15/15
 21260 | Orc:2    | Found Inelux's Book Boutique.
 21522 | Orc:2    | Noticed Saint Roka
 21714 | Orc:2    | Killed Saint Roka
 22087 | Orc:2    | Found Efoxaom's Book Shop.
 22113 | Orc:2    | Bought a book of Spatial Translocations for 338 gold pieces
 22119 | Orc:2    | Learned a level 5 spell: Manifold Assault
 22122 | Orc:2    | Learned a level 2 spell: Blink
 22126 | Orc:2    | Learned a level 3 spell: Portal Projectile
 22410 | Orc:2    | Reached skill level 1 in Spellcasting
 22410 | Orc:2    | Reached skill level 1 in Hexes
 22410 | Orc:2    | Reached skill level 1 in Translocations
 22559 | Orc:2    | Found Ameosiom's Distillery.
 22814 | Orc:2    | Bought a potion of might for 48 gold pieces
 22814 | Orc:2    | Bought a potion of invisibility for 96 gold pieces
 22826 | Orc:2    | Found Unag's Weapon Shoppe.
 23209 | Orc:2    | Found a staircase to the Elven Halls.
 23740 | D:12     | Bought a smoky pink potion for 33 gold pieces
 23740 | D:12     | Bought a scroll labelled ZYAXATR XENUPNIZ for 37 gold
                  | pieces
 24187 | D:13     | Found a gate to the Vaults.
 25138 | D:13     | Reached XP level 16. HP: 101/101 MP: 23/23
 25440 | D:14     | Found a shimmering blue altar of Sif Muna.
 25440 | D:14     | Found a sacrificial altar of Ru.
 25442 | D:14     | Found a white marble altar of Elyvilon.
 25449 | D:14     | Reached skill level 5 in Hexes
 25449 | D:14     | Reached skill level 5 in Translocations
 25477 | D:14     | Reached skill level 5 in Spellcasting
 25779 | D:14     | Noticed Agnes
 25783 | D:14     | Killed Agnes
 25805 | D:14     | Found a portal to a secret trove of treasure.
 26546 | D:14     | Found a bloodstained altar of Trog.
 26587 | D:14     | Identified the +7 quarterstaff "Xolerimu" {vamp, MP-9
                  | Dex+5}
 26851 | D:14     | Got Lerosum's Collected Works on the Blistering Squall
 27647 | D:15     | Entered Level 15 of the Dungeon
 28321 | D:15     | Reached XP level 17. HP: 105/106 MP: 29/29
 28379 | D:15     | Identified the +9 halberd "Transmigrator" {freeze, Str+5}
 28572 | D:15     | Found a staircase to the Depths.
 28693 | D:15     | Identified the +1 ring mail "Hapom" {*Slow Str+7 Dex+3}
 28903 | D:15     | Bought a potion of heal wounds for 70 gold pieces
 28903 | D:15     | Bought a scroll of acquirement for 728 gold pieces
 28909 | D:15     | Bought a scroll of identify for 28 gold pieces
 28911 | D:15     | Acquired the +1 pair of boots of the Candlemaker {rPois rN+
                  | Int+4}
 28927 | D:15     | Learned a level 1 spell: Apportation
 28931 | D:15     | Learned a level 3 spell: Lesser Beckoning
 28935 | D:15     | Learned a level 3 spell: Tukima's Dance
 29161 | Swamp:1  | Entered Level 1 of the Swamp
 29399 | Swamp:1  | Learned a level 3 spell: Gell's Gravitas
 29403 | Swamp:1  | Learned a level 3 spell: Teleport Other
 29410 | Swamp:1  | Learned a level 6 spell: Dispersal
 29873 | Swamp:1  | Noticed Frances
 29878 | Swamp:1  | Killed Frances
 30954 | Swamp:2  | Identified the +7 demon blade of the Riding Augurer {venom,
                  | rElec rPois Dex+3}
 30958 | Swamp:2  | Paralysed by a fenstrider witch for 2 turns
 31661 | Swamp:3  | Reached skill level 1 in Long Blades
 31873 | Swamp:3  | Noticed a tentacled monstrosity
 31889 | Swamp:3  | Killed a tentacled monstrosity
 32856 | Swamp:4  | Entered Level 4 of the Swamp
 32924 | Swamp:3  | Reached skill level 10 in Translocations
 33385 | Swamp:4  | Reached XP level 18. HP: 111/113 MP: 30/30
 35053 | Swamp:4  | Reached skill level 5 in Long Blades
 35493 | Swamp:4  | Got a decaying rune of Zot
 36157 | Vaults:1 | Entered Level 1 of the Vaults
 36903 | Vaults:1 | Reached XP level 19. HP: 85/115 MP: 31/31
 38837 | Vaults:2 | Reached skill level 10 in Long Blades
 40422 | Vaults:2 | You fall into a shaft and drop 2 floors!
 40444 | Vaults:4 | Reached skill level 15 in Stealth
 40566 | Vaults:3 | Found a magical portal.
 40571 | WizLab   | Entered Doroklohe's Tomb
 40938 | WizLab   | Noticed a royal mummy
 40957 | WizLab   | Killed a royal mummy
 41578 | Vaults:3 | Reached XP level 20. HP: 103/124 MP: 32/32
 42346 | Vaults:3 | Found a staircase to the Crypt.
 42374 | Vaults:3 | Killed from afar by an ancient champion

Illustrated notes

Levels and vault maps discovered:
D:1:      kennysheep_arrival_forest, layout_loops_cross
D:2:      kennysheep_big_flooded_room, layout_rooms, uniq_sigmund
D:3:      layout_basic, serial_co_window_serial, co_window_corner_a,
          co_window_of_opportunity_a, co_window_corner_a, co_window_corner_a,
          co_window_corner_a, co_window_2corner, co_window_broadway_b,
          co_window_broadway_b, co_window_corner_cb, co_window_sun,
          co_window_paths_d, glass_columns_a, glass_columns_a, glass_columns_a,
          glass_columns_b, serial_shops, nicolae_diamond_shop,
          minmay_shallow_snake_nest
D:4:      layout_cave_pools, ebering_ghost_sewer_f
D:5:      layout_basic, chequers_decorated_corner, serial_park_tiny_1,
          minmay_misc_feat_five, nicolae_shop_fire_sale [nicolae_sub_dead_trees]
D:6:      layout_basic, amethyst_overflow_temple_binary, st_stairs_11,
          uniq_edmund
D:7:      layout_basic, nicolae_ru_sacrificial_ziggurat,
          minmay_temple_entry_proselytizer, uniq_duvessa
D:8:      layout_loops_ring, ebering_ghost_funeral_grove,
          hellmonk_guarded_unrand_gyre_and_gimble
D:9:      layout_loops_ring, mainiacjoe_overflow_24_doors,
          minmay_lair_entry_grove, enter_bailey_6
D:10:     layout_irregular_city, gammafunk_temple_overflow_claw, serial_shops,
          nicolae_shop_crystal
D:11:     layout_cave_pools, erik_orc_1
D:12:     layout_cave_pools, hangedman_abyss_or_decor_stabs
D:13:     layout_loops_corners, david_vaults_2
D:14:     minmay_the_grid_octo_tiled_squarecenter
          [minmay_the_grid_octo_checkerflower, minmay_the_grid_octo_fan_narrow,
          minmay_the_grid_octo_shrine, minmay_the_grid_octo_teeth,
          minmay_the_grid_square_5x5_megaprize_crossed,
          minmay_the_grid_square_5x5_beaten_path,
          minmay_the_grid_square_5x5_inner_z, minmay_the_grid_square_5x5_seven,
          minmay_the_grid_square_5x5_tie], layout_long_grid, enter_trove_5,
          kennysheep_cluttered_room, elves_outpost_lemuel, uniq_agnes
D:15:     grunt_enter_depths_giant_problem, layout_cave_pools,
          serial_park_square3 [serial_park_minivault_5x5_3]
Temple:   nicolae_temple_bog_church
Lair:1:   layout_hall_layers, chequers_serial_rivers_micro_d,
          infiniplex_staircase_pool, serial_bayou_shore_a, lemuel_fruit_tree
Lair:2:   layout_gridlike
Lair:3:   layout_roguey, swamp_mist, spider_nest_entry_funnel_web
Lair:4:   layout_hall_layers
Lair:5:   gammafunk_lair_ancient_temple, layout_loops_ring,
          minmay_slime_entry_pillars, uniq_kirke, uniq_nessos, uniq_snorg
Swamp:1:  nicolae_swamp_tree_isthmus, layout_basic_swamp,
          evilmike_swamp_ruin_house_1, uniq_frances
Swamp:2:  layout_basic_swamp, hangedman_swamp_blocks,
          infiniplex_staircase_pool_2
Swamp:3:  layout_basic_swamp, nicolae_swamp_orc_logging_accident
Swamp:4:  swamp_alternative, layout_basic_swamp, swamp_pool5
Orc:1:    nicolae_orc_accident_1, layout_caves, guppyfry_orc_lava_fort
Orc:2:    pubby_orc_utopia
Vaults:1: v_alt_pattern_5, hangedman_vaults_impose, vaults_dpeg_doors,
          nicolae_vaults_ring_of_whatevers, hangedman_vaults_nodes,
          vaults_room_octagon, nicolae_vaults_statue_guard,
          nicolae_vaults_diagonal_hallway_7, nicolae_vaults_little_squares_6,
          hangedman_vaults_stretched_pinwheel, nicolae_vaults_little_squares_2,
          v_misc_28, hangedman_vaults_stretched_pinwheel, vaults_room_pool,
          layout_vaults_big_cross
Vaults:2: nicolae_vaults_hallways_thing, v_misc_8, hangedman_vaults_slice,
          ontoclasm_vaults_twist, nicolae_vaults_little_ls,
          vaults_dpeg_diagonal, vaults_room_pool, nicolae_vaults_shelves_hall,
          vaults_room_ringed_pool, ontoclasm_vaults_fault, v_alt_pattern_6,
          hangedman_vaults_impose, nicolae_vaults_circle_grid_b,
          vaults_standard_mumra_x, ontoclasm_vaults_echo, v_misc_1,
          hangedman_vaults_trim, hangedman_vaults_trim, layout_vaults_omnibox
Vaults:3: mu_enter_wizlab_1, minmay_crypt_entry_simple_sparse,
          grunt_vaults_bifocal, v_pattern_4, nicolae_vaults_display_case,
          grunt_vaults_trifunnel, vaults_room_boxed, v_misc_1,
          vaults_standard_mumra_enter_the_diamond, layout_vaults_omnigrid
Vaults:4: gammafunk_ghost_wrathful_warriors, nicolae_vaults_holding_cells,
          vaults_room_pool, v_rooms_3, nicolae_vaults_rhombus_6,
          vaults_mumra_chevron, vaults_dpeg_encased_lava,
          nicolae_vaults_diagonal_hallway_7, nicolae_vaults_alarming,
          layout_vaults_chaotic_city

Skill      XL: |  1  2  3  4  5  6  7  8  9 10 11 12 13 14 15 16 17 18 19 |
---------------+----------------------------------------------------------+-----
Short Blades   | 3 4 5 6 8 10 18 20 | 20.0
Dodging        | 2 3 4 5 7 8 12 13 14 | 14.7
Fighting       | 3 4 5 6 8 11 12 13 | 13.5
Throwing       | 3 4 5 6 9 10 11 | 11.3
Stealth        | 6 7 8 10 12 13 14 15 | 15.7
Evocations     | 3 5 10 11 13 | 13.9
Spellcasting   | 4 8 |  8.7
Hexes          | 4 8 |  8.0
Translocations | 4 8 10 12 | 12.0
Long Blades    | 3 8 11 | 11.2
Armour         | |  0.9

Action                   |  1- 3 |  4- 6 |  7- 9 | 10-12 | 13-15 | 16-18 | 19-21 || total
-------------------------+-------+-------+-------+-------+-------+-------+-------++-------
Melee: Dagger            |   117 |    95 |   360 |    28 |       |       |       ||   600
       Punch             |       |     2 |     9 |       |       |     1 |       ||    12
       Pair of quick bla |       |       |       |   333 |   911 |  1202 |   570 ||  3016
       Short sword       |       |       |       |    27 |       |       |       ||    27
       Demon blade       |       |       |       |       |       |    38 |       ||    38
Throw: Dart              |       |       |    32 |     1 |       |       |       ||    33
 Cast: Manifold Assault  |       |       |       |       |       |       |    19 ||    19
Invok: Call Merchant     |       |       |       |     1 |     2 |     1 |       ||     4
 Abil: Evoke Invisibilit |       |       |       |       |       |     1 |       ||     1
Evoke: Wand              |       |       |       |     1 |    10 |     8 |     3 ||    22
       Lightning rod     |       |       |       |       |     5 |       |       ||     5
       Phial of floods   |       |       |       |       |       |     1 |       ||     1
  Use: Scroll            |       |     8 |     3 |     6 |     5 |    19 |     3 ||    44
       Potion            |       |     1 |     1 |     2 |     1 |     7 |     1 ||    13
 Stab: Sleeping          |    12 |    15 |    17 |    31 |    75 |    50 |    43 ||   243
       Invisible         |       |     1 |     7 |     2 |       |     1 |       ||    11
       Distracted        |       |       |     1 |     6 |    18 |    17 |     7 ||    49
Armor: Robe              |    16 |    38 |    74 |     9 |    85 |   172 |    50 ||   444
       Leather armour    |       |       |       |    17 |       |       |       ||    17
Dodge: Dodged            |    77 |    94 |   263 |   172 |   372 |   726 |   168 ||  1872
Block: Other             |       |       |       |       |       |    10 |    56 ||    66
       Reflection        |       |       |       |       |       |     1 |     1 ||     2

Table legend: (Time is in decaauts)
 A = Elapsed time spent in this place.
 B = Non-inter-level travel time spent in this place.
 C = Inter-level travel time spent in this place.
 D = Time resting spent in this place.
 E = Time spent auto-exploring this place.
 F = Levels seen in this place.
 G = Mean time per level.
                   A        B        C        D        E       F      G
               +--------+--------+--------+--------+--------+-----+--------+
         Total |  40575 |  38634 |   1941 |   3443 |  29503 |  33 | 1229.5 |
       Dungeon |  18344 |  17147 |   1197 |    820 |  13872 |  15 | 1222.9 |
        Temple |    375 |    351 |     24 |      0 |    335 |   1 |  375.0 |
          Lair |   5525 |   5171 |    354 |      0 |   4588 |   5 | 1105.0 |
         Swamp |   6723 |   6527 |    196 |   1381 |   4100 |   4 | 1680.8 |
  Orcish Mines |   3306 |   3230 |     76 |    549 |   2083 |   2 | 1653.0 |
        Vaults |   4786 |   4695 |     91 |    280 |   3773 |   4 | 1196.5 |
        Bailey |    579 |    579 |      0 |    153 |    247 |   1 |  579.0 |
        Wizlab |    934 |    934 |      0 |    260 |    504 |   1 |  934.0 |
               +--------+--------+--------+--------+--------+-----+--------+

Top non-repeatable levels by time:
Vaults:1: 2631 daAuts
   Orc:2: 2596 daAuts
 Swamp:4: 2289 daAuts
    D:14: 2166 daAuts
 Swamp:3: 1918 daAuts
     D:5: 1706 daAuts
     D:3: 1661 daAuts
     D:6: 1463 daAuts
 Swamp:2: 1448 daAuts
  Lair:5: 1437 daAuts
    D:11: 1364 daAuts
     D:7: 1352 daAuts
    D:13: 1310 daAuts
Vaults:2: 1267 daAuts
  Lair:1: 1180 daAuts
